Map: King Sejong Station LE

Players

uthermy (uThermal) - Winner!

  • Race: Terran Terran
  • League: Grandmaster

Miszu

  • Race: Terran Terran
  • League: Grandmaster

VOD

Have the link to the VOD?

Description

Time

  • Played on: May 26, 2016, 1:24 p.m.
  • Length: 10:01
Show
View Real Time Build Order
Export as new Build Order

uthermy Terran - Winner!

Build Orders: Cyclone Opening, Bio Tank 

Get SALT Encoding   

  12  0:01  SCV  
  13  0:13  SCV  
  14  0:18  Supply Depot  
  14  0:26  SCV  
  15  0:36  Refinery  
  15  0:39  SCV  
  16  0:44  Barracks  
  16  0:50  Refinery  
  16  0:53  SCV  
  17  1:06  SCV  
  18  1:18  SCV  
  19  1:31  Factory  
  19  1:33  Orbital Command  
  19  1:35  Reaper  
  20  1:44  Supply Depot  
  20  1:59  SCV  
  21  2:07  Barracks Tech Lab  
  21  2:11  SCV  
  22  2:23  SCV  
  22  2:29  Cyclone  
  27  2:31  Reaper  
  27  2:34  Supply Depot  
  27  2:35  SCV  
  29  2:47  SCV  
  30  2:52  Command Center  
  30  2:59  SCV  
  31  3:07  Starport  
  31  3:09  Barracks Reactor, Factory Tech Lab  
  31  3:16  SCV  
  31  3:28  SCV  
  31  3:30  Siege Tank  
  35  3:36  Supply Depot  
  35  3:40  SCV  
  36  3:42  Raven  
  36  3:45  Marine  
  39  3:58  Engineering Bay, Marine, SCV  
  41  4:03  Marine, Siege Tank  
  41  4:08  Orbital Command  
  45  4:16  SCV  
  44  4:31  SCV  
  42  4:34  SCV  
  42  4:35  Viking  
  42  4:37  Viking  
  47  4:43  Missile Turret  
  47  4:49  SCV, Missile Turret  
  48  4:53  Marine  
  48  4:55  Stimpack  
  48  4:56  SCV  
  50  5:01  SCV  
  49  5:08  SCV  
  49  5:13  SCV  
  50  5:20  SCV  
  48  5:25  SCV  
  50  5:28  Marine, Siege Tank  
  50  5:33  SCV  
  51  5:37  SCV  
  52  5:45  SCV  
  52  5:46  Marine  
  52  5:49  SCV  
  55  5:51  Supply Depot  
  56  5:57  SCV  
  56  6:01  SCV  
  56  6:04  Marine  
  57  6:09  SCV  
  59  6:13  SCV  
  60  6:21  SCV  
  60  6:22  Marine  
  55  6:25  SCV  
  54  6:33  SCV  
  54  6:37  Barracks, SCV  
  54  6:38  Barracks  
  53  6:41  Starport Reactor, Marine  
  53  6:43  Siege Tank  
  53  6:45  SCV  
  58  6:50  Barracks, SCV  
  59  6:56  Terran Infantry Weapons Level 1  
  59  6:58  Marine, Barracks  
  59  6:59  Combat Shields  
  60  7:05  Refinery x2, SCV  
  60  7:07  SCV  
  56  7:16  Marine  
  56  7:17  SCV  
  56  7:20  Viking x2, SCV  
  63  7:26  Barracks Reactor, Marine x2  
  63  7:29  Supply Depot  
  64  7:34  Marine  
  65  7:39  Barracks Reactor  
  65  7:42  Supply Depot  
  65  7:44  Marine x2, Siege Tank  
  65  7:50  Barracks Reactor  
  70  7:51  Supply Depot  
  70  7:52  Marine  
  70  7:54  Supply Depot  
  71  7:59  Medivac, Command Center  
  71  8:03  Supply Depot  
  71  8:04  Marine x3  
  76  8:07  Marine, Medivac  
  76  8:12  Supply Depot  
  79  8:14  Supply Depot, Marine  
  79  8:17  Marine  
  79  8:19  Siege Tank  
  84  8:20  Marine  
  84  8:24  Marine x2  
  84  8:25  Marine  
  88  8:29  Medivac  
  88  8:32  Marine x2  
  91  8:35  Marine  
  91  8:36  Marine  
  91  8:38  Medivac  
  91  8:40  Marine  
  96  8:43  Marine x2  
  96  8:44  Marine  
  96  8:46  Marine  
  100  8:51  Marine, Siege Tank  
  104  8:58  Supply Depot  
  104  9:03  Marine  
  104  9:04  Marine x2  
  104  9:06  Marine  
  108  9:10  Medivac  
  108  9:16  Medivac  
  112  9:19  Marine x3  
  112  9:20  Marine  
  116  9:27  Siege Tank  
  116  9:28  Marine x2  
  121  9:38  Marine x2  
  123  9:40  Marine  
  124  9:46  Supply Depot  
Show
View Real Time Build Order
Export as new Build Order

Miszu Terran 

Build Orders: 1/1/1, MMM Bio, Banshee Rush 

Get SALT Encoding   

  12  0:00  SCV  
  13  0:12  SCV  
  14  0:20  Supply Depot  
  14  0:24  SCV  
  15  0:33  Refinery  
  15  0:42  SCV  
  16  0:46  Barracks  
  16  0:49  Refinery  
  16  0:58  SCV  
  17  1:10  SCV  
  18  1:22  SCV  
  19  1:34  Factory, Orbital Command  
  19  1:37  Reaper  
  20  1:43  Supply Depot  
  20  2:00  SCV  
  21  2:10  Reaper  
  21  2:12  SCV  
  23  2:18  Starport, Hellion  
  25  2:24  Supply Depot, SCV  
  26  2:36  SCV  
  27  2:45  Hellion, Reaper  
  30  2:54  Medivac  
  32  3:06  Hellion  
  35  3:14  Command Center  
  35  3:17  Barracks Tech Lab  
  34  3:20  Supply Depot  
  34  3:33  Factory Tech Lab  
  34  3:34  SCV  
  35  3:45  Barracks Reactor  
  35  3:47  Cloaking Field, Banshee  
  38  3:49  SCV  
  39  4:02  SCV  
  40  4:05  Barracks  
  40  4:06  Barracks  
  38  4:19  SCV  
  39  4:29  Orbital Command  
  39  4:30  Siege Tank  
  42  4:31  Marine x2  
  42  4:37  Banshee  
  46  4:39  SCV  
  47  4:50  Engineering Bay  
  47  4:51  SCV  
  47  4:52  Barracks Tech Lab  
  48  4:54  Barracks Tech Lab  
  48  4:55  Orbital Command  
  45  5:29  Marine x4  
  45  5:31  Combat Shields  
  45  5:32  Stimpack  
  47  5:40  SCV x2  
  49  5:46  Marine  
  49  5:47  Marine  
  49  5:48  Marine x2  
  50  5:52  Siege Tank  
  35  6:04  Marine x2  
  35  6:06  Marine x2  
  34  6:22  Marine x2  
  34  6:24  Marine x2  
  29  6:36  SCV  
  29  6:37  SCV  
  30  6:40  Marine x2  
  30  6:42  Marine x2  
  30  6:44  Starport Reactor  
  34  6:49  SCV x2  
  36  6:54  Terran Infantry Weapons Level 1  
  36  6:58  Marine x2  
  36  7:00  Marine x2  
  36  7:01  SCV x2  
  42  7:13  SCV x2  
  38  7:15  Marine  
  38  7:16  Marine  
  38  7:17  Marine  
  38  7:18  Marine  
  41  7:25  Medivac, SCV x2  
  45  7:30  Refinery  
  45  7:33  Marine x2  
  45  7:35  Marine, Medivac  
  45  7:36  Marine  
  51  7:37  SCV x2  
  51  7:39  Supply Depot  
  53  7:49  SCV  
  53  7:50  SCV  
  55  7:51  Marine x2  
  55  7:53  Marine  
  55  7:55  Medivac  
  60  8:01  SCV  
  60  8:02  SCV  
  62  8:06  Marine  
  62  8:09  Marine x2, Medivac  
  62  8:11  Marine  
  68  8:12  Supply Depot  
  68  8:13  SCV  
  68  8:14  SCV  
  70  8:21  Supply Depot  
  70  8:34  SCV x2  
  72  8:42  Marine  
  72  8:43  Siege Tank, Command Center  
  72  8:45  Refinery  
  72  8:46  SCV x2  
  78  8:50  Marine x2  
  78  8:52  Marine  
  81  8:58  SCV x2  
  81  8:59  Supply Depot  
  81  9:00  Marine  
  84  9:09  Marine  
  85  9:10  SCV  
  86  9:20  Marine, SCV  
  86  9:21  Siege Tank  
  86  9:22  Supply Depot, SCV  
  91  9:32  Marine  
  91  9:33  SCV  
  93  9:39  Marine  
  93  9:43  Marine x2  
  93  9:45  Supply Depot x2  
Tags
 
Add a new tag
Caveats
  • Supply blocks, unpowered buildings, or Contaminate may cause inaccurate times.
  • Supply counts are checked every 10 seconds.